 Dungeon Crawl Stone Soup version 0.25-a0-528-g6b7c99946c (webtiles) character file.

Game seed: 14905850896625720524, levelgen mode: classic

23 EnegeticOcto the Shield-Bearer (level 2, 25/28 HPs)
             Began as a Deep Dwarf Fighter on Feb 19, 2020.
             Was a Follower of Elyvilon.
             Quit the game on level 2 of the Dungeon.
             The game lasted 00:00:24 (229 turns).

EnegeticOcto the Shield-Bearer (Deep Dwarf Fighter)  Turns: 229, Time: 00:00:25

Health: 25/28      AC:  9    Str: 19    XL:     2   Next: 75%
Magic:  2/2        EV:  5    Int:  8    God:    Elyvilon [*.....]
Gold:   11         SH:  9    Dex: 12    Spells: 1/1 levels left

rFire    x . .     SeeInvis .   a - +0 war axe
rCold    + . .     Gourm    .   c - +0 kite shield
rNeg     . . .     Faith    .   d - +0 chain mail
rPois    .         Spirit   .   (no helmet)
rElec    .         Reflect  .   (no cloak)
rCorr    .         Harm     .   (no gloves)
MR       .....                  (no boots)
Stlth    ..........             (no amulet)
HPRegen  0.00/turn              h - ring of ice
MPRegen  0.08/turn              (no ring)

@: non-regenerating
A: damage resistance, heal wounds, sense surroundings 1, no regeneration
a: Heal Wounds, Lesser Healing, Divine Protection, Renounce Religion


You were on level 2 of the Dungeon.
You worshipped Elyvilon.
Elyvilon was aware of your devotion.
You were not hungry.

You visited 1 branch of the dungeon, and saw 2 of its levels.

You collected 11 gold pieces.

Inventory:

Hand Weapons
 a - a +0 war axe (weapon)
Armour
 b - a +0 scale mail
 c - a +0 kite shield (worn)
 d - a +0 chain mail (worn)
Jewellery
 h - a ring of ice (left hand)
Scrolls
 g - a scroll of teleportation {unknown}
Potions
 k - a potion of might {@q3}
Comestibles
 e - a ration
 f - 6 chunks of flesh


   Skills:
 * Level 3.0 Fighting
 * Level 2.8 Axes
 + Level 3.4 Armour
 + Level 0.8 Dodging
 + Level 3.4 Shields


You had one spell level left.
You didn't know any spells.
Your spell library was empty.

Dungeon Overview and Level Annotations

Branches:
Dungeon (2/15)

Altars:
Elyvilon


Innate Abilities, Weirdness & Mutations

You are resistant to damage.
You can heal yourself by infusing magical energy.
You passively map a small area around you.
You do not regenerate.


Message History

You barely miss the bat. The bat hits you but does no damage.
The bat hits you but does no damage.
You closely miss the bat. The bat hits you but does no damage.
You block the bat's attack. The bat barely misses you.
Your shield and chain mail prevent you from hitting the bat.
The bat hits you. The bat completely misses you.
The bat hits you but does no damage. The bat hits you but does no damage.
You hit the bat but do no damage. The bat hits you but does no damage. x2
The bat hits you but does no damage.
You slash the bat!
You kill the bat!
No target in view!
No target in view!
You now have 11 gold pieces.
Things that are here:
a cursed +0 club; a goblin corpse You butcher the goblin corpse.
f - 2 chunks of flesh
Things that are here:
a cursed +0 club; a goblin skeleton
Things that are here:
a cursed +0 club; a goblin skeleton You see here a +0 club.
You butcher the adder corpse.
f - 4 chunks of flesh (gained 2)
You see here an adder skeleton. x2
Found a stone staircase leading up.
A ball python comes into view.
The ball python hisses angrily.
Found a scroll labeled SOCAAVVO IGOFO.
The ball python barely misses you. You block the ball python's attack.
You hit the ball python but do no damage.
The ball python barely misses you. The ball python grabs you.
The ball python constricts you.
You slash the ball python!
You kill the ball python!
No target in view!
No target in view!
No target in view!
No target in view!
No target in view!
No target in view!
You butcher the ball python corpse.
f - 6 chunks of flesh (gained 2)
You see here a ball python skeleton. x2
g - a scroll labeled SOCAAVVO IGOFO You open the door.
There is an open door here.
You open the door.
There is an open door here.
Found 23 stones.
Found 2 boomerangs.
A kobold comes into view.
The kobold shouts!
A goblin comes into view.
The goblin shouts!
You hear a shout!
Found a faded altar of an unknown god.
The kobold hits you but does no damage.
You hit the kobold but do no damage. The kobold hits you but does no damage.
You closely miss the kobold. The kobold hits you but does no damage.
You block the kobold's attack.
You barely miss the kobold. You barely miss the goblin.
The kobold barely misses you. The goblin hits you.
You closely miss the kobold. You closely miss the goblin.
The kobold hits you but does no damage. The goblin hits you but does no damage.
You block the goblin's attack. The kobold barely misses you.
You slash the kobold!
You kill the kobold!
Your shield and chain mail prevent you from hitting the goblin.
You block the goblin's attack.
You slash the goblin!
You kill the goblin!
No target in view!
No target in view!
No target in view!
No target in view!
No target in view!
No target in view!
No target in view!
No target in view!
No target in view!
No target in view!
You see here 2 boomerangs.
Found a stone staircase leading down.
h - a blackened opal ring
There is a faded altar of an unknown god here.
You cannot tell which god this altar belongs to.
Convert to them anyway?
Okay, then.
You feel more attuned to ice.
h - a ring of ice (left hand)
You cannot tell which god this altar belongs to.
Convert to them anyway?
Okay, then.
You cannot tell which god this altar belongs to.
Convert to them anyway?
Elyvilon accepts your prayer! Elyvilon welcomes you!
You can now provide lesser healing for yourself.
You can now call on Elyvilon to save your life.
Are you sure you want to abandon this character and quit the game? (Confirm with "yes".)

, , , , ... .. * ,
>. .. , * ,, #.
*.##* *##.# #..# *
#... ...#
##...♣...## ,
#...♣.♣...#
#..♣.@.♣..# ,
#####...♣.♣...#*,
, .......(.♣(...#
, ,
###...#.........#*
, ,
...............+ *
, #...###.......#*
#.##...# #..#.$..#
*
#.##...###.......#
* * *
#.##....###......#


There were no monsters in sight!

Vanquished Creatures
  An adder (D:2)
  A leopard gecko (D:1)
  A giant cockroach (D:1)
  3 goblins
  2 hobgoblins
  A ball python (D:2)
  2 bats (D:2)
  A kobold (D:2)
  2 rats
14 creatures vanquished.

Notes
Turn   | Place    | Note
-------+----------+-------------------------------------------
     0 | D:1      | EnegeticOcto the Deep Dwarf Fighter began the quest for the
                  | Orb.
     0 | D:1      | Reached XP level 1. HP: 20/20 MP: 1/1
   131 | D:2      | Reached XP level 2. HP: 24/27 MP: 2/2
   211 | D:2      | Found a faded altar of an unknown god.
   228 | D:2      | Became a worshipper of Elyvilon the Healer
   228 | D:2      | Reached * piety under Elyvilon
   229 | D:2      | Quit the game

Levels and vault maps discovered:
D:1:      dpeg_arrival_solitude, layout_loops_corners
D:2:      layout_basic, marbit_many_paths,
          chequers_ecumenical_altar_simple_redux

Skill      XL: |  1  2 |
---------------+-------+-----
Fighting       | 3 |  3.0
Axes           | |  2.8
Armour         | |  3.4
Dodging        | |  0.8
Shields        | |  3.4

Action                   || total
-------------------------++-------
Melee: War axe           ||    33
Armor: Chain mail        ||    27
       Scale mail        ||     1
Dodge: Dodged            ||     7
Block: Kite shield       ||    22

Table legend:
 A = Non-vault XP
 B = Vault XP
 C = Vault XP percentage of total XP
 D = Non-vault monster count
 E = Vault monster count
 F = Vault count percentage of total count
                 A         B        C        D         E       F
            +---------+---------+-------+---------+---------+-------
      Total |      34 |       0 |   0.0 |      14 |       0 |   0.0
            +---------+---------+-------+---------+---------+-------
        D:1 |      10 |       0 |   0.0 |       5 |       0 |   0.0
        D:2 |      24 |       0 |   0.0 |       9 |       0 |   0.0
            +---------+---------+-------+---------+---------+-------
